 Dungeon Crawl Stone Soup version 0.31-a0-175-g9f7f995f2b (webtiles) character file.

Game seed: 18248492945205182157

392902 Anon1729 the Slayer (level 21, -2/213 HPs)
             Began as a Minotaur Monk on June 16, 2023.
             Was a Follower of Uskayaw.
             Slain by an Orb Guardian (14 damage)
             ... on level 5 of the Realm of Zot.
             The game lasted 01:00:01 (54297 turns).

Anon1729 the Slayer (Minotaur Monk)                Turns: 54297, Time: 01:00:02

Health: -2/213     AC: 31    Str: 16    XL:     21   Next: 79%
Magic:  42/48      EV: 13    Int: 16    God:    Uskayaw [*.....]
Gold:   732        SH:  0    Dex: 24    Spells: 20/20 levels left

rFire   + + +        L - +9 quick blade (heavy)
rCold   + + +        S - orb {mayhem}
rNeg    . . .        X - +5 gold dragon scales
rPois   +            Q - +3 hat of Pondering {ponderous, Will+ MP+10 Int+5}
rElec   +            y - scarf {rC+ rF+}
rCorr   +            r - +0 pair of gloves
SInv    .            i - +2 pair of boots {rampage}
Will    ++++.        O - amulet "Maigiwk" {Faith Will+ Int+6} Stlth
                     W - ring "Zetwits" {Wiz rPois rF+ MP+9}
HPRegen 0.00/turn    k - ring of resist corrosion
MPRegen 0.31/turn

%: mayhem, rampage, faith, wizardry (x1)
@: resistant, enlightened, flying, inhibited regen, hasted, studying Stealth,
very quick
A: horns 2, retaliatory headbutt, camouflage 1, deformed body, dopey 1, low MP
1, screaming 1, inhibited regeneration, teleportitis 1, inability to drink after
injury 1
}: 3/15 runes: decaying, serpentine, slimy
a: Renounce Religion, Stomp


You were on level 5 of the Realm of Zot.
You worshipped Uskayaw.
Uskayaw was most pleased with you.
You visited 9 branches of the dungeon, and saw 45 of its levels.
You visited 2 bazaars.
You also visited: Sewer and Ice Cave.

You collected 4274 gold pieces.
You spent 3542 gold pieces at shops.

Inventory:

Hand Weapons
 L - a +9 heavy quick blade (weapon)
Missiles
 v - 5 curare-tipped darts (quivered)
 K - 3 throwing nets
Armour
 d - an orb of light
 i - a +2 pair of boots of rampaging (worn)
 l - a +2 cloak of stealth
 r - a +0 pair of gloves (worn)
 y - a scarf of resistance (worn)
 Q - the +3 hat of Pondering (worn) {ponderous, Will+ MP+10 Int+5}
   (You took it off Gastronok on level 2 of the Lair of Beasts)

   Int:       It affects your intelligence (+5).
   MP:        It affects your magic capacity (+10).
   Will:      It increases your willpower.
 S - an orb of mayhem (worn)
 X - +5 gold dragon scales (worn)
Jewellery
 k - a ring of resist corrosion (right hand)
 q - an amulet of regeneration
 u - an amulet of the acrobat
 w - a ring of poison resistance
 z - the ring "Ceqoec Wopo" {*Corrode rN+ Dex+6 SInv Stlth+}
   (You took it off a spriggan air mage on level 2 of the Depths)

   [ring of see invisible]

   Dex:       It affects your dexterity (+6).
   rN:        It protects you from negative energy.
   SInv:      It lets you see invisible.
   *Corrode:  It may corrode you when you take damage.
   Stlth:     It makes you more stealthy.
 O - the amulet "Maigiwk" (around neck) {Faith Will+ Int+6}
   (You found it in an ice cave)

   [amulet of faith]

   It allows you to gain divine favour quickly.
   Int:       It affects your intelligence (+6).
   Will:      It increases your willpower.
 W - the ring "Zetwits" (left hand) {Wiz rPois rF+ MP+9}
   (You bought it in a shop in a bazaar)

   [ring of wizardry]

   It improves your spell success rate.
   rF:        It protects you from fire.
   rPois:     It protects you from poison.
   MP:        It affects your magic capacity (+9).
 Z - a ring of ice
Wands
 b - a wand of flame (51)
 n - a wand of quicksilver (6)
 C - a wand of roots (40)
 E - a wand of mindburst (33)
 F - a wand of digging (23)
 J - a wand of polymorph (11)
 Y - a wand of paralysis (19)
Scrolls
 h - 5 scrolls of immolation
 o - 6 scrolls of identify
 p - 9 scrolls of teleportation
 t - 4 scrolls of poison
 x - 3 scrolls of revelation
 B - 6 scrolls of vulnerability
 D - 7 scrolls of fog
 I - 2 scrolls of enchant armour
 M - 2 scrolls of silence
 N - 2 scrolls of amnesia
 R - 4 scrolls of fear
Potions
 a - 7 potions of might
 c - 3 potions of ambrosia
 e - a potion of invisibility
 f - 7 potions of enlightenment
 g - a potion of magic
 m - a potion of resistance
 s - 4 potions of curing
 A - 4 potions of attraction
 G - 6 potions of brilliance
 T - 6 potions of lignification
 U - a potion of haste
Miscellaneous
 H - a phial of floods
 P - a lightning rod (4/4)


   Skills:
 + Level 23.9 Fighting
 + Level 20.2 Short Blades
 + Level 21.5 Armour
 + Level 20.1 Dodging
 + Level 18.4 Invocations


You had 20 spell levels left.
You didn't know any spells.
Your spell library contained the following spells:

 Spells                   Type           Power      Damage    Failure   Level
 Apportation              Tloc           0%         N/A       98%         1
 Kiss of Death            Conj/Necr      0%         2d5       98%         1
 Magic Dart               Conj           0%         1d3       98%         1
 Necrotise                Necr           0%         1d4       98%         1
 Sandblast                Erth           0%         2d4       98%         1
 Shock                    Conj/Air       0%         1d3       98%         1
 Slow                     Hex            0%         N/A       98%         1
 Sting                    Tmut/Pois      0%         1d3       98%         1
 Summon Small Mammal      Summ           0%         N/A       98%         1
 Cigotuvi's Dreadful Rot  Necr/Pois/Air  0%         N/A       99%         2
 Ensorcelled Hibernation  Hex/Ice        0%         N/A       99%         2
 Passwall                 Tmut/Erth      0%         N/A       99%         2
 Poisonous Vapours        Pois/Air       0%         N/A       99%         2
 Searing Ray              Conj           0%         2d4       99%         2
 Static Discharge         Conj/Air       0%         2-2/arc   99%         2
 Call Canine Familiar     Summ           0%         N/A       100%        3
 Confusing Touch          Hex            0%         N/A       100%        3
 Dazzling Flash           Conj/Hex       0%         N/A       100%        3
 Frozen Ramparts          Ice            0%         1d1       100%        3
 Gell's Gravitas          Tloc           0%         N/A       100%        3
 Hailstorm                Conj/Ice       0%         3d3       100%        3
 Ozocubu's Armour         Ice            0%         N/A       100%        3
 Portal Projectile        Hex/Tloc       0%         N/A       100%        3
 Stone Arrow              Conj/Erth      0%         3d7       100%        3
 Summon Guardian Golem    Hex/Summ       0%         N/A       100%        3
 Swiftness                Air            0%         N/A       100%        3
 Teleport Other           Tloc           0%         N/A       100%        3
 Vampiric Draining        Necr           0%         2d6       100%        3
 Volatile Blastmotes      Fire/Tloc      0%         2d10      100%        3
 Airstrike                Air            0%         2d(0-16)  100%        4
 Animate Armour           Summ/Erth      0%         N/A       100%        4
 Dispel Undead            Necr           0%         3d6       100%        4
 Fulminant Prism          Conj/Hex       0%         3d5       100%        4
 Ice Form                 Ice/Tmut       0%         N/A       100%        4
 Iskenderun's Mystic Bla  Conj/Tloc      0%         2d3       100%        4
 Leda's Liquefaction      Hex/Erth       0%         N/A       100%        4
 Olgreb's Toxic Radiance  Pois           0%         N/A       100%        4
 Summon Ice Beast         Ice/Summ       0%         N/A       100%        4
 Summon Lightning Spire   Summ/Air       0%         N/A       100%        4
 Lee's Rapid Deconstruct  Erth           0%         3d4*      100%        5
 Metabolic Englaciation   Hex/Ice        0%         N/A       100%        5
 Summon Forest            Summ/Tloc      0%         N/A       100%        5
 Summon Mana Viper        Hex/Summ       0%         N/A       100%        5
 Conjure Ball Lightning   Conj/Air       0%         3x3d6     100%        6
 Dispersal                Tloc           0%         N/A       100%        6
 Leda's Unmaking          Conj/Erth      0%         9d1       100%        6
 Simulacrum               Ice/Necr       0%         N/A       100%        6
 Starburst                Conj/Fire      0%         6d3       100%        6
 Statue Form              Tmut/Erth      0%         N/A       100%        6
 Summon Cactus Giant      Summ           0%         N/A       100%        6
 Storm Form               Tmut/Air       0%         N/A       100%        7
 Lehudib's Crystal Spear  Conj/Erth      0%         10d2      100%        8
 Maxwell's Capacitive Co  Air            0%         ∞         100%        8


Dungeon Overview and Level Annotations

Branches:
Dungeon (15/15)            Temple (1/1) D:4            Lair (5/5) D:8
  Swamp (4/4) Lair:2        Snake (4/4) Lair:3        Slime (5/5) Lair:5
    Orc (2/2) D:12            Elf (0/3) Orc:2        Vaults (0/5) D:14
 Depths (4/4) D:15            Zot (5/5) Depths:4      Sewer (visited)
  IceCv (visited)

Altars:
Ashenzari
Cheibriados
Dithmenos
Elyvilon
Fedhas
Gozag
Hepliaklqana
Kikubaaqudgha
Makhleb
Nemelex Xobeh
Okawaru
Qazlal
Ru
Sif Muna
Trog
Uskayaw
Vehumet
Wu Jian
Xom
Yredelemnul
Zin
The Shining One
Jiyva

Shops:
D:9 (   D:10 *   Orc:2 ?(:[   Depths:2 [   Depths:4 ?((*

Portals:
Hell: Depths:1 Depths:2 Depths:3 Depths:4
Abyss: Depths:1 Depths:3 Depths:4
Pandemonium: Depths:1 Depths:2
Ziggurat: Depths:3

Annotations:
D:6 1 runed translucent door
D:10 exclusion: ice statue
Swamp:1 2 transporters, Shym's ghost, journeyman HOMo
Snake:1 Roxanne
Zot:5 2 transporters, 1 exclusion, Geoneeki's ghost, veteran TrMo


Innate Abilities, Weirdness & Mutations

You have a pair of horns on your head.
You reflexively headbutt those who attack you in melee.
Your skin changes colour to match your surroundings (Stealth+).
Armour fits poorly on your strangely shaped body.
You are dopey. (Int -2)
Your magical capacity is low. (-10% MP)
You occasionally shout uncontrollably at your foes.
You do not regenerate when monsters are visible.
You are occasionally teleported next to monsters.
You occasionally lose the ability to drink potions when taking damage.


Message History

The Orb Guardian flies into a frenzy!
The orb of fire is no longer paralysed.
The Orb Guardian hits you but does no damage.
Uskayaw will force your foes to share their pain.
Uskayaw prepares the audience for your solo!
Uskayaw links your audience in an emotional bond!
The helpless Orb Guardian fails to defend itself.
You spit the Orb Guardian like a pig!!!!
You kill the Orb Guardian! x2
You can now merge with and destroy a victim.
You rampage towards the Killer Klown!
The helpless Killer Klown fails to defend itself.
You skewer the Killer Klown like a kebab!!!!
You kill the Killer Klown!
The Killer Klown flies into a frenzy!
You see here a +8 club of pain.
The helpless orb of fire fails to defend itself.
You spit the orb of fire like a pig!!!!
You destroy the orb of fire!
Okay, then.
As you read the scroll of teleportation, it crumbles to dust.
You feel strangely stable.
The Killer Klown hits you with a +9 club of holy wrath!!
* * * LOW HITPOINT WARNING * * *
You hit the Killer Klown. You barely miss the Killer Klown.
Your headbutt misses the Killer Klown.
The Killer Klown is lightly wounded.
The Killer Klown hits you with a +9 club of holy wrath!!
* * * LOW HITPOINT WARNING * * *
Okay, then.
Aiming: Grand Finale
Press: ? - help, Shift-Dir - straight line, f - Killer Klown
Aim: a Killer Klown, wielding a +9 club of holy wrath (lightly wounded, fast, strong, frenzied and insane)
The Killer Klown explodes violently!!!!!
You blow up the Killer Klown!
You can no longer merge with and destroy a victim.
The Orb Guardian is no longer paralysed.
You rampage towards the Orb Guardian!
The Orb Guardian hits you!
* * * LOW HITPOINT WARNING * * *
You feel better. The Orb Guardian hits you!
You die...

*#...##
##..#########
*#.(.##
*#............
*#...##
*#..*..........
*#...##
*#...###..######
*#...#* *#...#*
#..#..... *#...#*
##...#* #..#.....
*#...#* ##...#*
#..#..### **...#*
##..X#* #.....#..
*,,,** ##..@#*
#..#..#.. *,,**
##...##
##d....#.Z *,,*
##.^.##
##......#.. *,,*
##.....##
##X..##..#.. *,,*
#..)#...##
##.#.###..#,,
*,,*
#..###<..###.####
#..#..
*,.######<.#
##..X#)## #..#..
*,.....⌠...#
##...).# #..#..
*,.........#
##...## #..#Zz


You could see an orb of fire and an Orb Guardian.

Vanquished Creatures
  the Royal Jelly (Slime:5)
  A dread lich (Zot:5)
  2 orbs of fire (Zot:5)
  4 juggernauts
  Bai Suzhen (Depths:1)
  Frederick (Depths:4)
  2 Killer Klowns (Zot:5)
  7 golden dragons
  9 Orb Guardians (Zot:5)
  A titan (Depths:4)
  5 tentacled monstrosities
  2 walking divine tomes (Depths:3)
  A lich (Depths:4)
  A death cob (Zot:5)
  3 sphinxes
  19 acid blobs
  The ghost of Noucar the Fighter, an adept MiMo of Uskayaw (Snake:2)
  3 quicksilver dragons
  Gastronok (Lair:2)
  A storm dragon (Zot:4)
  The ghost of Swamplord the Tortoise, an adept BaRe of Cheibriados (Swamp:2)
  A thorn hunter (Swamp:2)
  5 tengu reavers
  20 azure jellies
  2 shadow dragons (Depths:4)
  8 rockslimes
  4 nagarajas (Snake:4)
  8 fire giants
  A fenstrider witch (Swamp:4)
  A caustic shrike zombie (D:15)
  5 frost giants
  Louise (Snake:3)
  A draconian shifter (Zot:4)
  2 spriggan defenders (Depths:3)
  3 draconian stormcallers
  3 formless jellyfish
  A reaper (Depths:1)
  An ironbound preserver (D:14)
  13 quicksilver oozes
  13 stone giants
  17 very ugly things
  2 green draconians
  4 black draconians
  A purple draconian (Zot:4)
  2 white draconians (Depths:4)
  4 eleionomae
  3 vampire knights
  A red draconian (Depths:4)
  Snorg (Lair:4)
  5 yellow draconians
  2 bunyips
  An ettin (shapeshifter) (Depths:2)
  4 spark wasps
  A green death (Depths:2)
  Josephine (D:14)
  23 slime creatures
  A merfolk impaler (Depths:3)
  16 fire dragons
  9 ettins
  2 great orbs of eyes (Slime:5)
  4 salamander tyrants
  2 spriggan zombies (D:15)
  5 rakshasas
  A quicksilver dragon skeleton (Depths:1)
  18 hydras
  6 ice dragons
  Erolcha (D:13)
  7 centaur warriors
  2 ghost crabs (Swamp:4)
  4 spriggan air magi
  7 anacondas
  2 catoblepae
  28 naga warriors
  8 two-headed ogres
  10 tengu warriors
  21 alligators
  2 deep troll shamans
  4 vampire magi
  10 death yaks
  8 orc high priests (Orc:2)
  5 spriggan berserkers
  A dancing weapon (Swamp:2)
  17 naga sharpshooters
  Urug (Lair:2)
  7 deep troll earth magi
  7 shock serpents
  A hell knight (Depths:3)
  2 soul eaters
  A skyshark (Lair:5)
  4 iron trolls
  A sun demon (Depths:1)
  Amaemon (Lair:2)
  A fire crab (Swamp:4)
  7 salamander mystics
  A spark wasp zombie (Depths:1)
  A skeletal warrior (D:15)
  6 goliath frogs
  4 spriggan druids
  A golden dragon zombie (D:15)
  2 flayed ghosts
  2 death drakes
  6 swamp dragons
  8 glowing orange brains
  2 sea snakes (Snake:2)
  A tengu zombie (Depths:1)
  6 deep trolls
  A wizard (Depths:1)
  7 bog bodies
  8 naga ritualists
  3 orange crystal statues
  A lindwurm (Swamp:4)
  3 harpies (D:15)
  2 orc knights (D:14)
  15 ugly things
  6 mana vipers
  A phantasmal warrior (D:15)
  5 deep elf pyromancers
  4 necromancers
  9 salamanders
  4 oklob plants (Lair:5)
  3 orc sorcerers
  7 cyclopes
  3 shining eyes
  A manticore (shapeshifter) (Depths:2)
  A stone giant zombie (Depths:1)
  3 will-o-the-wisps
  2 iron dragon skeletons (Depths:1)
  3 manticores
  2 moths of wrath (Zot:2)
  8 elephants (Lair:5)
  26 black mambas
  4 guardian serpents
  An eye of devastation (Slime:5)
  15 naga magi
  A stone giant skeleton (Depths:1)
  13 cane toads
  2 orange demons
  2 gargoyles
  3 torpor snails
  10 rime drakes
  15 komodo dragons
  A freezing wraith (D:14)
  7 tengu conjurers
  A guardian mummy (D:15)
  An ice devil (Depths:2)
  4 trolls
  An efreet (D:14)
  2 hellwings
  A meliai (shapeshifter) (D:15)
  A bloated husk (Swamp:3)
  10 hornets
  3 polar bears
  4 tyrant leeches
  Grinder (D:4)
  A hornet (shapeshifter) (Depths:2)
  A stone giant simulacrum (Depths:1)
  10 dream sheep
  28 blink frogs
  An ettin zombie (Depths:1)
  14 spriggans
  9 wraiths
  2 shadows
  44 yaks
  A fire elemental (Swamp:4)
  6 water elementals
  7 wyverns
  12 basilisks
  2 golden eyes (Slime:5)
  8 steam dragons
  A human (D:12)
  7 wargs
  15 swamp worms
  17 vampire mosquitoes
  56 nagas
  A warg (shapeshifter) (D:14)
  2 acid dragons
  18 water moccasins
  4 floating eyes
  23 orc warriors
  2 ice beasts (D:7)
  12 swamp drakes
  A sky beast (D:7)
  5 black bears
  6 ogres
  6 great orb of eyes simulacra (IceCv)
  10 centaurs
  13 wolves
  2 slime creature simulacra (IceCv)
  4 phantoms
  4 kobold brigands
  15 bullfrogs
  3 scorpions
  2 gnoll sergeants
  5 glowing shapeshifter simulacra (IceCv)
  5 wights (D:8)
  10 howler monkeys
  An electric eel (Snake:2)
  40 orc priests
  2 gnoll boudas
  2 hounds (D:5)
  2 sleepcaps
  9 iguanas
  30 orc wizards
  5 hell rats (Lair:5)
  8 adders
  34 gnolls
  A river rat (D:5)
  A white imp (D:7)
  An ufetubus (D:4)
  3 worms
  4 dart slugs
  115 orcs
  2 bats
  13 endoplasms
  7 giant cockroaches
  10 goblins
  5 hobgoblins
  9 jackals (D:5)
  12 quokkas
  15 ball pythons
  18 frilled lizards
  12 kobolds
  8 rats
1501 creatures vanquished.

Vanquished Creatures (collateral kills)
  2 acid blobs (Slime:5)
  A stone giant (Depths:3)
  2 spark wasps (Depths:4)
  A fire dragon (Depths:4)
  A spriggan (Depths:3)
  An ugly thing (Depths:4)
  A hornet (Depths:3)
  2 slime creatures
  2 orcs (Depths:4)
13 creatures vanquished.

Vanquished Creatures (others)
  A thorn hunter (Swamp:4)
  3 ugly things (Depths:3)
  A moth of wrath (Zot:5)
  A slime creature (Slime:5)
  A vampire mosquito (Swamp:3)
  A swamp drake (Swamp:4)
  An iguana (Lair:5)
  An orc (Depths:4)
  4 kobolds (D:7)
  A fire vortex (Depths:3)
  17 foxfires
32 creatures vanquished.

Grand Total: 1546 creatures vanquished

Notes
Turn   | Place    | Note
-------+----------+-------------------------------------------
     0 | D:1      | Anon1729 the Minotaur Monk began the quest for the Orb.
     0 | D:1      | Reached XP level 1. HP: 19/19 MP: 0/0
    86 | D:1      | Reached XP level 2. HP: 16/27 MP: 1/1
   408 | D:1      | Reached skill level 1 in Armour
   714 | D:1      | Reached skill level 1 in Invocations
   804 | D:1      | Reached skill level 4 in Fighting
   804 | D:1      | Reached XP level 3. HP: 32/33 MP: 2/2
  1196 | D:2      | Found a faded altar of an unknown god.
  1986 | D:3      | Reached XP level 4. HP: 40/40 MP: 4/4
  2063 | D:3      | Noticed a black bear
  2079 | D:3      | Killed a black bear
  2080 | D:3      | Reached XP level 5. HP: 20/47 MP: 5/5
  2110 | D:3      | Found a shadowy altar of Dithmenos.
  2710 | D:4      | Found a staircase to the Ecumenical Temple.
  2789 | D:4      | Noticed Grinder
  2817 | D:4      | Reached XP level 6. HP: 55/55 MP: 6/6
  2827 | D:4      | Paralysed by Grinder for 2 turns
  2841 | D:4      | Paralysed by Grinder for 4 turns
  2851 | D:4      | Killed Grinder
  2852 | D:4      | Reached skill level 5 in Fighting
  2935 | D:4      | Found a radiant altar of Vehumet.
  2950 | D:4      | Found an iron altar of Okawaru.
  3045 | D:4      | Reached XP level 7. HP: 54/61 MP: 8/8
  3302 | Temple   | Entered the Ecumenical Temple
  3471 | D:5      | Entered Level 5 of the Dungeon
  3534 | D:5      | Reached skill level 5 in Short Blades
  3534 | D:5      | Reached skill level 5 in Dodging
  3566 | D:5      | Found a shimmering blue altar of Sif Muna.
  3616 | D:5      | Noticed a +0 dagger
  3617 | D:5      | Noticed a +0 dagger
  3622 | D:5      | Found a hide-covered altar of Uskayaw.
  3633 | D:5      | Became a worshipper of Uskayaw the Reveller
  3633 | D:5      | Reached * piety under Uskayaw
  3705 | D:5      | Reached ** piety under Uskayaw
  3708 | D:5      | Reached *** piety under Uskayaw
  3726 | D:5      | Found a glowing drain.
  3732 | Sewer    | Entered a sewer
  3969 | Sewer    | Reached **** piety under Uskayaw
  3998 | Sewer    | Identified the +6 ring mail "Kebbeor" {rN+ Str-2 Int+4}
  4084 | D:5      | Reached skill level 6 in Fighting
  4098 | D:5      | Reached XP level 8. HP: 60/70 MP: 9/9
  4247 | D:5      | Reached skill level 5 in Armour
  4268 | D:5      | Reached ***** piety under Uskayaw
  4444 | D:5      | Reached ****** piety under Uskayaw
  4596 | D:5      | Reached skill level 7 in Fighting
  4818 | D:5      | Reached skill level 5 in Invocations
  5255 | D:6      | Reached XP level 9. HP: 54/79 MP: 11/11
  5327 | D:6      | Found an ancient bone altar of Kikubaaqudgha.
  5345 | D:6      | Found a runed translucent door.
  5429 | D:6      | Found a basalt altar of Yredelemnul.
  5671 | D:6      | Found a broken altar of Ashenzari.
  5997 | D:7      | Reached skill level 8 in Fighting
  6486 | D:8      | Reached XP level 10. HP: 90/90 MP: 13/13
  6856 | D:8      | Found a staircase to the Lair.
  7363 | D:9      | Reached skill level 9 in Fighting
  7440 | D:9      | Noticed a two-headed ogre
  7454 | D:9      | Killed a two-headed ogre
  7856 | D:9      | Found Bajiad's Weapon Emporium.
  8273 | D:10     | Entered Level 10 of the Dungeon
  8331 | D:10     | Found a stormy altar of Qazlal.
  8553 | D:10     | Noticed a two-headed ogre
  8561 | D:10     | Killed a two-headed ogre
  8562 | D:10     | Reached XP level 11. HP: 84/99 MP: 15/15
  8568 | D:10     | Reached skill level 10 in Fighting
  8613 | D:10     | Found Bemorr's Lightly-Used Armoury.
  8621 | D:10     | Bought a -1 quick blade for 120 gold pieces
  8645 | D:10     | Noticed a two-headed ogre
  8661 | D:10     | Killed a two-headed ogre
  8872 | D:10     | Found a glowing silver altar of Zin.
  9101 | D:10     | Found a snail-covered altar of Cheibriados.
  9295 | Lair:1   | Entered Level 1 of the Lair of Beasts
  9520 | Lair:1   | Identified the +2 scale mail "Ysirot" {Str+4 Stlth+}
  9585 | Lair:1   | Reached skill level 10 in Armour
  9738 | Lair:1   | Reached skill level 10 in Short Blades
 10244 | Lair:2   | Found a staircase to the Swamp.
 10261 | Lair:2   | Reached skill level 11 in Fighting
 10261 | Lair:2   | Reached skill level 10 in Dodging
 10451 | Lair:2   | Noticed Urug
 10470 | Lair:2   | Killed Urug
 10550 | Lair:2   | Noticed Amaemon
 10559 | Lair:2   | Reached XP level 12. HP: 88/110 MP: 17/17
 10644 | Lair:2   | Got the Disquisition on Fulgurous Frost
 10697 | Lair:2   | Noticed a death yak
 10700 | Lair:2   | Noticed a death yak
 10701 | Lair:2   | Noticed a death yak
 10717 | Lair:2   | Killed a death yak
 10742 | Lair:2   | Killed a death yak
 10759 | Lair:2   | Killed a death yak
 10851 | Lair:2   | Noticed Gastronok
 10867 | Lair:2   | Killed Gastronok
 11162 | Lair:2   | Reached skill level 12 in Fighting
 11210 | Lair:2   | Killed Amaemon
 11596 | Lair:3   | Found a staircase to the Snake Pit.
 11818 | Lair:3   | Reached skill level 10 in Invocations
 11897 | Lair:3   | Reached XP level 13. HP: 119/119 MP: 19/19
 12574 | Lair:4   | Noticed Snorg
 12590 | Lair:4   | Killed Snorg
 12959 | Lair:4   | Reached skill level 13 in Fighting
 13622 | Lair:4   | Found a runed translucent door.
 13871 | Lair:5   | Entered Level 5 of the Lair of Beasts
 14339 | Lair:5   | Found a viscous altar of Jiyva.
 14369 | Lair:5   | Reached XP level 14. HP: 92/130 MP: 21/21
 14674 | Lair:5   | Found a staircase to the Slime Pits.
 15520 | D:11     | Found a blossoming altar of Fedhas.
 15680 | D:11     | Reached skill level 14 in Fighting
 16001 | D:12     | Found a staircase to the Orcish Mines.
 16466 | D:12     | Found a snail-covered altar of Cheibriados.
 17273 | D:13     | Noticed Erolcha
 17287 | D:13     | Killed Erolcha
 17909 | D:14     | Found a gate to the Vaults.
 18028 | D:14     | Identified the +7 flail "Jalownis" {flame, +Blink Str+4
                  | Stlth+}
 18041 | D:14     | Noticed an ironbound preserver
 18051 | D:14     | Killed an ironbound preserver
 18278 | D:14     | Noticed Josephine
 18303 | D:14     | Killed Josephine
 18612 | D:15     | Entered Level 15 of the Dungeon
 18718 | D:15     | Reached XP level 15. HP: 72/139 MP: 23/23
 18725 | D:15     | Reached skill level 15 in Fighting
 19522 | D:15     | Found a staircase to the Depths.
 19886 | Orc:1    | Entered Level 1 of the Orcish Mines
 20257 | Orc:2    | Entered Level 2 of the Orcish Mines
 20257 | Orc:2    | Found a staircase to the Elven Halls.
 20586 | Orc:2    | Found an iron altar of Okawaru.
 20685 | Orc:2    | Found Leixuadd's Magic Scroll Boutique.
 20685 | Orc:2    | Found Nilekk's Weapon Emporium.
 20702 | Orc:2    | Reached skill level 15 in Armour
 20731 | Orc:2    | Gained mutation: You are dopey. (Int -2) [a neqoxec]
 20788 | Orc:2    | Bought a scroll of enchant weapon for 105 gold pieces
 20788 | Orc:2    | Bought a scroll of teleportation for 42 gold pieces
 20788 | Orc:2    | Bought a scroll of teleportation for 42 gold pieces
 20788 | Orc:2    | Bought a scroll of revelation for 105 gold pieces
 20788 | Orc:2    | Bought a scroll of identify for 28 gold pieces
 20788 | Orc:2    | Bought a scroll of identify for 28 gold pieces
 20852 | Orc:2    | Found Witu's Book Boutique.
 20852 | Orc:2    | Found Lodgheug's Antique Armour Emporium.
 20928 | Orc:2    | Bought a pair of embroidered boots for 255 gold pieces
 23028 | D:10     | Bought -2 gold dragon scales for 840 gold pieces
 23150 | Snake:1  | Entered Level 1 of the Snake Pit
 23288 | Snake:1  | Found a frozen archway.
 23350 | IceCv    | Entered an ice cave
 23577 | IceCv    | Reached skill level 16 in Fighting
 23974 | IceCv    | Noticed an azure jelly
 24128 | IceCv    | Reached XP level 16. HP: 143/151 MP: 24/24
 24237 | IceCv    | Found a viscous altar of Jiyva.
 24426 | IceCv    | Identified the amulet "Maigiwk" {Faith Will+ Int+6}
 24584 | Snake:1  | Noticed Roxanne
 24606 | Snake:1  | Reached skill level 15 in Short Blades
 25015 | Snake:1  | Reached skill level 15 in Dodging
 25471 | Snake:2  | Found a flickering gateway to a bazaar.
 25488 | Bazaar   | Entered a bazaar
 25488 | Bazaar   | Found Roimm's Antique Weapon Boutique.
 25488 | Bazaar   | Found Batiak's Armour Shop.
 25488 | Bazaar   | Found Hoitho's Antique Armour Shop.
 25515 | Bazaar   | Bought a +2 cloak of stealth for 215 gold pieces
 25533 | Bazaar   | Bought a pair of gloves for 148 gold pieces
 25596 | Snake:2  | Found a runed translucent door.
 25596 | Snake:2  | Noticed Noucar's ghost (adept MiMo)
 25828 | Snake:2  | Identified the +6 war axe of the Past {flame, Fly rPois rF-
                  | Will+}
 27282 | Snake:2  | Killed Noucar's ghost
 27791 | Snake:3  | Reached skill level 17 in Fighting
 28462 | Snake:3  | Noticed Louise
 28483 | Snake:3  | Killed Louise
 28713 | Snake:3  | Reached XP level 17. HP: 149/161 MP: 26/26
 29703 | Snake:4  | Entered Level 4 of the Snake Pit
 32650 | Snake:4  | Got a serpentine rune of Zot
 33009 | Swamp:1  | Entered Level 1 of the Swamp
 33010 | Swamp:1  | Found a transporter.
 33022 | Swamp:1  | Noticed Shym's ghost (journeyman HOMo)
 33032 | Swamp:1  | Found a transporter.
 33610 | Swamp:1  | Reached skill level 18 in Fighting
 34101 | Swamp:2  | Found a runed translucent door.
 34102 | Swamp:2  | Found a shimmering altar of Xom.
 34102 | Swamp:2  | Noticed Swamplord's ghost (adept BaRe)
 34129 | Swamp:2  | Reached skill level 15 in Invocations
 34932 | Swamp:2  | Killed Swamplord's ghost
 35472 | Swamp:3  | Reached XP level 18. HP: 172/172 MP: 28/28
 36532 | Swamp:4  | Entered Level 4 of the Swamp
 37288 | Swamp:4  | Reached skill level 19 in Fighting
 38865 | Depths:1 | Entered Level 1 of the Depths
 39227 | Depths:1 | Noticed Bai Suzhen
 39261 | Depths:1 | Killed Bai Suzhen
 39262 | Depths:1 | Reached skill level 20 in Fighting
 39917 | Depths:1 | Found a one-way gate leading to the halls of Pandemonium.
 40039 | Depths:1 | Found a one-way gate to the infinite horrors of the Abyss.
 40067 | Depths:1 | Found an opulent altar of Gozag.
 40248 | Depths:1 | Found a gateway to Hell.
 40332 | Depths:2 | Found Lotwip's Armour Shoppe.
 40337 | Depths:2 | Reached XP level 19. HP: 132/185 MP: 30/30
 40719 | Depths:2 | Identified the +8 quarterstaff "Suecixu" {distort, rPois}
 41315 | Depths:2 | Got the Vellum of Inhalation
 42061 | Depths:2 | Reached skill level 21 in Fighting
 42217 | Depths:2 | Noticed a golden dragon
 42218 | Depths:2 | Noticed a juggernaut
 42219 | Depths:2 | Identified the ring "Ceqoec Wopo" {*Corrode rN+ Dex+6 SInv
                  | Stlth+}
 42232 | Depths:2 | Killed a golden dragon
 42233 | Depths:2 | Killed a juggernaut
 42240 | Depths:2 | Identified the +6 long sword "Grim" {heavy, Str+2 Int+2}
 42384 | Depths:2 | Identified the +0 longbow of Understanding {drain, Drain
                  | rElec rC+ Int+4 Stlth-}
 43735 | Depths:3 | Noticed a golden dragon
 43743 | Depths:3 | Killed a golden dragon
 43754 | Depths:3 | Noticed a juggernaut
 43765 | Depths:3 | Killed a juggernaut
 43766 | Depths:3 | Reached XP level 20. HP: 182/200 MP: 31/31
 43815 | Depths:3 | Reached skill level 22 in Fighting
 44428 | Depths:3 | Noticed a golden dragon
 44436 | Depths:3 | Killed a golden dragon
 45019 | Depths:3 | Found a one-way gateway to a ziggurat.
 45112 | Depths:4 | Entered Level 4 of the Depths
 45112 | Depths:4 | Noticed a golden dragon
 45122 | Depths:4 | Killed a golden dragon
 45128 | Depths:4 | Found a flickering gateway to a bazaar.
 45303 | Depths:4 | Found Muun's Weapon Boutique.
 45336 | Bazaar   | Entered a bazaar
 45336 | Bazaar   | Found Wemat's Jewellery Emporium.
 45336 | Bazaar   | Found Papitem's General Store.
 45337 | Bazaar   | Found Asuetef's Antique Armour Shoppe.
 45337 | Bazaar   | Found Notusergh's Weapon Shoppe.
 45360 | Bazaar   | Bought a scroll of enchant weapon for 60 gold pieces
 45360 | Bazaar   | Bought a scroll of immolation for 32 gold pieces
 45383 | Bazaar   | Bought the ring "Zetwits" {Wiz rPois rF+ MP+9} for 603 gold
                  | pieces
 46168 | Depths:4 | Found Vuolevyo's Weapon Shop.
 46168 | Depths:4 | Noticed a juggernaut
 46177 | Depths:4 | Killed a juggernaut
 46182 | Depths:4 | Noticed Frederick
 46406 | Depths:4 | Killed Frederick
 46616 | Depths:4 | Found Kadghyryu's Magic Scroll Shoppe.
 46624 | Depths:4 | Bought a scroll of teleportation for 51 gold pieces
 46624 | Depths:4 | Bought a scroll of teleportation for 51 gold pieces
 46624 | Depths:4 | Bought a scroll of immolation for 68 gold pieces
 46624 | Depths:4 | Bought a scroll of enchant weapon for 127 gold pieces
 46625 | Depths:4 | Bought 3 scrolls of revelation for 382 gold pieces
 46656 | Depths:4 | Found Barhuj's Assorted Antiques.
 46659 | Depths:4 | Bought a scroll of blinking for 240 gold pieces
 46670 | Depths:4 | Paralysed by a floating eye for 4 turns
 46686 | Depths:4 | Noticed a juggernaut
 46688 | Depths:4 | Paralysed by a floating eye for 3 turns
 46701 | Depths:4 | Paralysed by a floating eye for 2 turns
 47079 | Depths:4 | Killed a juggernaut
 47285 | Depths:4 | Reached skill level 23 in Fighting
 47859 | Depths:4 | Found a gate to the Realm of Zot.
 48549 | Slime:1  | Entered Level 1 of the Pits of Slime
 48564 | Slime:2  | Gained mutation: You are occasionally teleported next to
                  | monsters. [a shining eye]
 48565 | Slime:2  | Gained mutation: Your body sometimes deteriorates upon
                  | taking damage. [a shining eye]
 48567 | Slime:1  | Lost mutation: You are dopey. (Int -2) [potion of mutation]
 48567 | Slime:1  | Lost mutation: Your body sometimes deteriorates upon taking
                  | damage. [potion of mutation]
 48567 | Slime:1  | Lost mutation: You are occasionally teleported next to
                  | monsters. [potion of mutation]
 48567 | Slime:1  | Gained mutation: You do not regenerate when monsters are
                  | visible. [potion of mutation]
 48567 | Slime:1  | Gained mutation: You are weak. (Str -2) [potion of
                  | mutation]
 48567 | Slime:1  | Gained mutation: You occasionally lose the ability to read
                  | scrolls when taking damage. [potion of mutation]
 48577 | Slime:2  | Lost mutation: You are weak. (Str -2) [potion of mutation]
 48577 | Slime:2  | Lost mutation: You occasionally lose the ability to read
                  | scrolls when taking damage. [potion of mutation]
 48577 | Slime:2  | Gained mutation: You are strong-willed. (Will+) [potion of
                  | mutation]
 48577 | Slime:2  | Gained mutation: You are somewhat resistant to further
                  | mutation. [potion of mutation]
 48695 | Slime:5  | Entered Level 5 of the Pits of Slime
 48729 | Slime:5  | Gained mutation: Armour fits poorly on your strangely
                  | shaped body. [a shining eye]
 48730 | Slime:5  | Gained mutation: You occasionally lose the ability to drink
                  | potions when taking damage. [a shining eye]
 48737 | Slime:5  | Reached XP level 21. HP: 134/211 MP: 32/32
 48739 | Slime:5  | Noticed the Royal Jelly
 49306 | Slime:4  | Lost mutation: You are somewhat resistant to further
                  | mutation. [potion of mutation]
 49306 | Slime:4  | Lost mutation: You are strong-willed. (Will+) [potion of
                  | mutation]
 49306 | Slime:4  | Lost mutation: You do not regenerate when monsters are
                  | visible. [potion of mutation]
 49306 | Slime:4  | Gained mutation: Your magical capacity is low. (-10% MP)
                  | [potion of mutation]
 49337 | Slime:5  | Paralysed by a formless jellyfish for 1 turns
 49482 | Slime:5  | HP: 10/212 [rockslime[the Royal Jelly] (12)]
 49965 | Slime:5  | Found a viscous altar of Jiyva.
 49997 | Slime:5  | Killed the Royal Jelly
 50273 | Slime:4  | HP: 10/212 [acid blob[the Royal Jelly] (5)]
 50928 | Slime:5  | Identified the +2 scale mail of Uperocva {Str+3}
 50955 | Slime:5  | Got the Enchiridion on Illusion and Refrigeration
 50958 | Slime:5  | Identified the +10 halberd of Misery {heavy, rPois rF-
                  | SInv}
 50975 | Slime:5  | Got a slimy rune of Zot
 51001 | Slime:5  | Identified the +4 dagger of Famoidghie {heavy, Dex+2}
 51010 | Slime:5  | Identified the +4 dagger of Profit {vamp, Int+2}
 52183 | Swamp:4  | Got a decaying rune of Zot
 52592 | Zot:1    | Entered Level 1 of the Realm of Zot
 52673 | Zot:2    | Noticed a golden dragon
 52689 | Zot:2    | Killed a golden dragon
 53293 | Zot:5    | Entered Level 5 of the Realm of Zot
 53311 | Zot:5    | Noticed a curse toe
 53311 | Zot:5    | Noticed a dread lich
 53315 | Zot:5    | Noticed Geoneeki's ghost (veteran TrMo)
 53317 | Zot:5    | Found a transporter.
 53318 | Zot:5    | Noticed a golden dragon
 53331 | Zot:5    | Killed a golden dragon
 53520 | Zot:5    | Found a transporter.
 53539 | Zot:5    | Noticed an orb of fire
 53539 | Zot:5    | Noticed an orb of fire
 53539 | Zot:5    | Noticed an orb of fire
 53539 | Zot:5    | Noticed a Killer Klown
 53539 | Zot:5    | Noticed a golden dragon
 53539 | Zot:5    | Gained mutation: You are occasionally teleported next to
                  | monsters. [an orb of fire]
 53539 | Zot:5    | Noticed a Killer Klown
 53541 | Zot:5    | Gained mutation: You are dopey. (Int -2) [an orb of fire]
 54114 | Zot:5    | Identified the ring of Isirchop {Wiz +Blink Dex-5 SInv}
 54143 | Zot:5    | Noticed a golden dragon
 54155 | Zot:5    | Killed a golden dragon
 54179 | Zot:5    | Noticed an orb of fire
 54179 | Zot:5    | Noticed an orb of fire
 54179 | Zot:5    | Noticed an orb of fire
 54179 | Zot:5    | Noticed an orb of fire
 54179 | Zot:5    | Noticed an orb of fire
 54179 | Zot:5    | Noticed an orb of fire
 54185 | Zot:5    | Gained mutation: You do not regenerate when monsters are
                  | visible. [an orb of fire]
 54191 | Zot:5    | Noticed a dread lich
 54201 | Zot:5    | Noticed a dread lich
 54217 | Zot:5    | Killed a dread lich
 54219 | Zot:5    | Noticed a dread lich
 54227 | Zot:5    | Noticed an orb of fire
 54265 | Zot:5    | Gained mutation: You occasionally shout uncontrollably at
                  | your foes. [an orb of fire]
 54268 | Zot:5    | Gained mutation: Your skin changes colour to match your
                  | surroundings (Stealth+). [an orb of fire]
 54282 | Zot:5    | Killed an orb of fire
 54284 | Zot:5    | Killed a Killer Klown
 54286 | Zot:5    | Killed an orb of fire
 54289 | Zot:5    | Killed a Killer Klown
 54296 | Zot:5    | HP: 7/213 [Orb Guardian (9)]
 54297 | Zot:5    | Slain by an Orb Guardian

Illustrated notes

Levels and vault maps discovered:
D:1:      mrwooster_arrival_statue, layout_basic, minmay_tall_x
D:2:      layout_basic, shapermc_ecumenical_altar_flowoftime
D:3:      layout_loops_ring, mainiacjoe_overflow_paths
D:4:      layout_basic, mainiacjoe_overflow_big_doors,
          minmay_temple_entry_statues_pillars, serial_forest,
          infiniplex_forest_lined_3_way, infiniplex_forest_lined_2,
          infiniplex_forest_straight_4, infiniplex_forest_lined_room_2,
          uniq_grinder
D:5:      lemuel_castle_with_subvaults [lemuel_castle_interior_carwin_1],
          layout_basic, dancing_weapons_uskayaw, kennysheep_little_box,
          gup_sewer_entry_bowl
D:6:      layout_rooms, dk_yredelemnul_ordeal,
          mainiacjoe_overflow_surrounded_room, kiku_gazebo_pond_becter
D:7:      layout_rooms
D:8:      layout_gridville, dpeg_oklobed_lair
D:9:      layout_basic, serial_shops, nicolae_shop_bloodbath_and_beyond,
          chequers_serial_rivers_micro_c, st_stairs_5
D:10:     nicolae_cairo_tiling, layout_loops_ring,
          mainiacjoe_overflow_tiny_flanked, nicolae_qazlal_general_emergency,
          zin_academy, hex_medium, minmay_shop_damaged, minivault_16,
          david_defended_altar_orc
D:11:     layout_stronghold, fedhas_bush_and_centaur_altar
D:12:     layout_grid_maze, erik_orc_4, kennysheep_slug_shrine
D:13:     layout_roguey, uniq_erolcha
D:14:     layout_rooms, skrybe_vaults_entry_preservation, uniq_josephine
D:15:     gammafunk_depths_entry_grave, layout_rooms, st_stairs_6,
          argonaut_gorgonesque
Temple:   nicolae_temple_bog_church
Lair:1:   layout_roguey, beast_lair_carwin_6
Lair:2:   layout_misc_corridors, swamp_mist, forest_entry_grove, uniq_amaemon,
          uniq_gastronok, uniq_urug
Lair:3:   layout_chaotic_city, guppyfry_snake_entry_garden,
          infiniplex_staircase_pool
Lair:4:   layout_cellular_growth, pf_torpor_hydra, serial_bayou_shore_b,
          grunt_megastairs_3, uniq_snorg
Lair:5:   guppyfry_lair_end_dragon, layout_layer_cave,
          minmay_slime_entry_oklob_open, minmay_lair_drake_nest,
          grunt_megastairs_4
Swamp:1:  layout_basic_swamp, gammafunk_ghost_arena,
          nicolae_swamp_ascending_descending, swamp_pool1
Swamp:2:  layout_basic_swamp, ebering_ghost_xom, evilmike_swamp_ruin_wall,
          swamp_pool1
Swamp:3:  layout_falls_marsh, nicolae_swamp_round_clearing
Swamp:4:  swamp_fiery, layout_basic_swamp, swamp_pool1,
          nicolae_swamp_spooky_pond
Snake:1:  layout_rooms, portal_ice_cave_entry_pillars_four,
          nicolae_triple_integral, uniq_roxanne
Snake:2:  layout_chambers, serial_shops, bzr_in_the_mist,
          hellmonk_ghost_happy_afterlife, eino_curves_01, nicolae_snake_bzzzt
Snake:3:  layout_chambers, nicolae_snake_gridmaze_tees, grunt_megastairs_1,
          serial_bayou_shore_b, uniq_louise
Snake:4:  snake_pit, layout_cave_town, nicolae_snake_slithery_hallway,
          nicolae_snake_coiling_death
Slime:1:  layout_caves
Slime:2:  nicolae_slime_pool, layout_caves, basic_altar
Slime:3:  layout_caves, nicolae_slime_phagocytosis
Slime:4:  layout_caves, cheibrodos_slime_lost_civilization_6
Slime:5
Orc:1:    layout_diamond_mine
Orc:2:    st_orc_town, layout_diamond_mine, okawaru_metal_pillars_1_2
Depths:1: layout_basic, grunt_gozag_statues, pf_hell_entry_tar_spiral,
          rand_demon_pan_entry_3, abyss_entry_small_statue_room, minivault_16,
          kennysheep_boxes, uniq_bai_suzhen
Depths:2: minmay_the_grid_triangle_9x9_recursive_3
          [minmay_the_grid_triangle_9x9_warning,
          minmay_the_grid_triangle_9x9_semitri,
          minmay_the_grid_triangle_9x9_sprig,
          minmay_the_grid_triangle_9x9_prize_center,
          minmay_the_grid_triangle_9x9_longest,
          minmay_the_grid_triangle_9x9_intruding_spiral,
          minmay_the_grid_triangle_9x9_pentomino_pain,
          minmay_the_grid_triangle_9x9_skeleton,
          minmay_the_grid_triangle_9x9_wacky_v], layout_cave_pools,
          rand_demon_pan_entry_5, minmay_misc_feat_columns, serial_shops,
          nicolae_shop_mannequins, hell_entry, kennysheep_doodads
Depths:3: nooodl_heptagram, layout_basic, enter_ziggurat_b,
          abyss_entry_glasseish, hangedman_coc_ice_floe
Depths:4: grunt_zot_entry_hairpin, layout_cave_pools, grunt_hell_entry_dis_old,
          abyss_entry, minmay_misc_feat_five, serial_shops, bzr_entry_customers,
          nicolae_shop_pleasant_corner_grove, shop, shop, shop, uniq_frederick
Zot:1:    lemuel_acid_trip, layout_cathedral_of_symmetry
Zot:2:    layout_gridlike
Zot:3:    layout_gridlike
Zot:4:    layout_onion_interference, basic_altar, skrybe_zot_glass_2
Zot:5:    layout_concentric_octagons, gammafunk_ghost_mausoleum

Skill      XL: |  1  2  3  4  5  6  7  8  9 10 11 12 13 14 15 16 17 18 19 20 21 |
---------------+----------------------------------------------------------------+-----
Armour         | 1 2 3 4 6 7 9 10 11 13 14 15 16 17 18 19 20 21 | 21.5
Invocations    | 1 2 3 5 6 7 8 10 11 12 13 14 15 16 17 18 | 18.4
Fighting       | 4 5 6 7 8 9 11 12 13 14 16 17 18 20 21 23 | 23.9
Short Blades   | 4 5 6 7 9 10 11 12 13 14 15 16 17 18 19 20 | 20.2
Dodging        | 4 5 6 7 9 10 11 12 13 14 15 16 17 18 19 20 | 20.1

Action                     |  1- 3 |  4- 6 |  7- 9 | 10-12 | 13-15 | 16-18 | 19-21 || total
---------------------------+-------+-------+-------+-------+-------+-------+-------++-------
  Melee: Short sword       |    99 |   153 |   619 |    54 |       |       |       ||   925
         Headbutt          |    24 |    44 |   179 |   273 |  1201 |  1041 |   751 ||  3513
         Dagger            |       |       |       |   732 |    74 |     5 |       ||   811
         Rapier            |       |       |       |    19 |       |       |       ||    19
         Quick blade       |       |       |       |       |  3008 |  2816 |  2014 ||  7838
 Invoke: Stomp             |       |       |     1 |     2 |     1 |     3 |     7 ||    14
         Line Pass         |       |       |       |     2 |     3 |     4 |     2 ||    11
         Grand Finale      |       |       |       |     1 |     2 |     4 |     5 ||    12
  Evoke: Wand              |       |       |       |       |     7 |       |    10 ||    17
    Use: Scroll            |       |       |     6 |     8 |    22 |    15 |    32 ||    83
         Potion            |       |       |     1 |     1 |     3 |     3 |    17 ||    25
   Stab: Paralysed         |       |       |    25 |    51 |   147 |   190 |   154 ||   567
         Confused          |       |       |       |     1 |     5 |     4 |     2 ||    12
         Distracted        |       |       |       |       |       |       |     5 ||     5
 Armour: Robe              |     9 |       |       |       |       |       |       ||     9
         Chain mail        |     6 |    84 |    58 |       |       |       |       ||   148
         Ring mail         |       |       |   174 |   250 |   492 |       |       ||   916
         Gold dragon scale |       |       |       |       |    69 |  1005 |   699 ||  1773
  Dodge: Dodged            |    44 |    69 |   285 |   449 |   994 |   500 |   416 ||  2757

Table legend: (Time is in decaauts)
 A = Elapsed time spent in this place.
 B = Non-inter-level travel time spent in this place.
 C = Inter-level travel time spent in this place.
 D = Time resting spent in this place.
 E = Time spent auto-exploring this place.
 F = Levels seen in this place.
 G = Mean time per level.
                   A        B        C        D        E       F      G
               +--------+--------+--------+--------+--------+-----+--------+
         Total |  53488 |  48161 |   5327 |   8144 |  31744 |  49 | 1091.6 |
       Dungeon |  14649 |  12440 |   2209 |    433 |   9534 |  15 |  976.6 |
        Temple |    170 |    164 |      6 |      0 |    156 |   1 |  170.0 |
          Lair |   7346 |   6178 |   1168 |    564 |   4313 |   5 | 1469.2 |
         Swamp |   6056 |   5645 |    411 |   1176 |   3675 |   4 | 1514.0 |
     Snake Pit |   8731 |   8289 |    442 |   1820 |   5522 |   4 | 2182.8 |
    Slime Pits |   2759 |   2670 |     89 |   1486 |    674 |   5 |  551.8 |
  Orcish Mines |   1595 |   1412 |    183 |     28 |   1122 |   2 |  797.5 |
        Depths |   8929 |   8139 |    790 |   1460 |   5729 |   4 | 2232.2 |
           Zot |   1615 |   1590 |     25 |    856 |    406 |   5 |  323.0 |
        Bazaar |    135 |    135 |      0 |      0 |     33 |   2 |   67.5 |
         Sewer |    341 |    341 |      0 |      0 |    160 |   1 |  341.0 |
      Ice Cave |   1156 |   1156 |      0 |    318 |    415 |   1 | 1156.0 |
               +--------+--------+--------+--------+--------+-----+--------+

Top non-repeatable levels by time:
 Snake:3: 3314 daAuts
Depths:3: 2640 daAuts
Depths:2: 2611 daAuts
 Snake:4: 2384 daAuts
  Lair:5: 2237 daAuts
 Snake:2: 2067 daAuts
Depths:4: 1963 daAuts
 Swamp:3: 1827 daAuts
Depths:1: 1713 daAuts
 Swamp:2: 1610 daAuts
 Swamp:4: 1530 daAuts
  Lair:4: 1413 daAuts
     D:5: 1390 daAuts
  Lair:1: 1347 daAuts
    D:10: 1315 daAuts
